WCHLSIM.com - West Coast Hockey League
html PUBLIC "-//W3C//DTD XHTML 1.0 Transitional//EN" "http://www.w3.org/TR/xhtml1/DTD/xhtml1-transitional.dtd"> WCHL - Game 66 - LOS ANGELES SEALS vs ANAHEIM OUTLAWS

LOS ANGELES SEALS vs ANAHEIM OUTLAWS

Created - 12 octobre 2019 at 10:50

Goals
1 2 3 T
LOS ANGELES SEALS 0 1 0 1
ANAHEIM OUTLAWS 2 3 1 6
Shots
1 2 3 T
LOS ANGELES SEALS 14 14 8 36
ANAHEIM OUTLAWS 9 11 9 29

1st period

1. ANAHEIM OUTLAWS , Richard Panik 2 (Duncan Keith 3) at 14:01
2. ANAHEIM OUTLAWS , Richard Panik 3 (Michael Grabner 2, Morgan Rielly 4) at 17:37

Penalties :
Keith Yandle (ANA) for Hooking (Minor) at 3:08

2nd period

3. ANAHEIM OUTLAWS , Richard Panik 4 (John Tavares 1, Morgan Rielly 5) at 8:08 (PP)
4. LOS ANGELES SEALS , Alex Goligoski 1 (Andreas Johnsson 4, Mark Scheifele 7) at 11:11
5. ANAHEIM OUTLAWS , Jonathan Audy-Marchessault 1 (Morgan Rielly 6) at 15:26
6. ANAHEIM OUTLAWS , John Tavares 7 (Kevin Fiala 6) at 16:54

Penalties :
Patrick Marleau (LOS) for Hooking (Minor) at 6:10, Duncan Keith (ANA) for Hooking (Minor) at 9:04, Matthew Murray (ANA) for Slashing (Minor) at 17:45 - Thomas Hickey served the penalty., Colin White (LOS) for Hooking (Minor) at 19:49

3rd period

7. ANAHEIM OUTLAWS , Nicholas Ritchie 1 (Morgan Rielly 7, Matt Duchene 3) at 14:26

Penalties :
No Penalty

Goalie Stats

Jonathan Quick (LOS), 13 saves from 17 shots - (0,765), L, 2-1-0, 35:26 minutes
Roberto Luongo (LOS), 10 saves from 12 shots - (0,833), 24:34 minutes
Matthew Murray (ANA), 35 saves from 36 shots - (0,972), W, 4-1-0, 60:00 minutes

Players Stats for LOS ANGELES SEALS

Player Name              G  A  P  +/- PIM S  H  SB GA TA FO     MP     PP MP  PK MP  
------------------------------------------------------------------------------------
Adam Lowry               0  0  0  -2  0   0  1  0  0  0  8/14    9:22   0:00   2:30 
Alex Goligoski           1  0  1   0  0   3  1  0  0  0  0/0    25:14   2:45   2:20 
Andreas Johnsson         0  1  1  -1  0   2  1  0  0  0  0/2    19:36   0:00   1:02 
Brandon Carlo            0  0  0  -1  0   3  1  1  0  0  0/0    20:57   3:12   1:37 
Brock Boeser             0  0  0   1  0   5  0  0  0  0  0/0    13:45   2:03   0:00 
Colin White              0  0  0  -2  2   0  0  0  0  0  0/0     7:16   0:00   0:25 
Dan Hamhuis              0  0  0   0  0   0  0  0  0  0  0/0     0:00   0:00   0:00 
Erik Haula               0  0  0  -2  0   3  3  0  0  0  0/1    17:16   2:03   1:27 
Esa Lindell              0  0  0   0  0   0  2  1  0  0  0/0    25:14   2:45   2:20 
Justin Williams          0  0  0  -1  0   3  1  0  0  0  0/0    21:40   3:54   0:00 
Kevin Rooney             0  0  0  -2  0   2  0  0  0  0  9/19   13:46   0:00   0:00 
Logan Couture            0  0  0  -1  0   5  1  0  0  0  18/27  21:40   3:54   0:00 
Mark Scheifele           0  1  1   1  0   7  1  0  0  0  15/23  13:45   2:03   0:00 
Mathieu Perreault        0  0  0  -2  0   2  1  0  0  0  0/0    16:16   0:00   2:30 
Nick Holden              0  0  0  -3  0   0  3  1  0  0  0/0    13:49   0:00   0:00 
Patrick Marleau          0  0  0  -1  2   1  1  0  0  0  0/0    21:39   3:54   0:00 
Roman Polak              0  0  0  -1  0   0  2  0  0  0  0/0    20:57   3:12   1:37 
Shayne Gostisbehere      0  0  0  -3  0   0  1  0  0  0  0/0    13:49   0:00   0:00 

Players Stats for ANAHEIM OUTLAWS

Player Name              G  A  P  +/- PIM S  H  SB GA TA FO     MP     PP MP  PK MP  
------------------------------------------------------------------------------------
Adrian Kempe             0  0  0   1  0   0  1  0  0  0  3/18   12:55   0:00   0:00 
Duncan Keith             0  1  1   0  2   0  3  1  0  0  0/0    22:42   2:04   2:31 
John Tavares             1  1  2   2  0   3  1  0  0  0  18/31  25:30   1:53   3:00 
Jonathan Audy-Marchessau 1  0  1   2  0   3  0  0  0  0  0/1    16:31   1:53   0:00 
Jonathan Drouin          0  0  0   1  0   2  1  0  0  0  0/3    21:35   2:04   2:57 
Keith Yandle             0  0  0   0  2   0  0  0  0  0  0/0    23:50   2:04   1:55 
Kevin Fiala              0  1  1   2  0   0  1  0  0  0  0/0    16:42   2:04   0:00 
Mark Borowiecki          0  0  0   0  0   0  0  0  0  0  0/0     1:28   0:00   1:28 
Matt Duchene             0  1  1   1  0   4  0  0  0  0  11/17  21:38   2:04   3:00 
Maxime Lajoie            0  0  0   4  0   0  0  2  0  0  0/0    17:14   0:00   0:00 
Michael Grabner          0  1  1   1  0   2  1  0  0  0  0/0    12:55   0:00   0:00 
Michael Rasmussen        0  0  0   0  0   1  1  0  0  0  4/10    5:59   0:00   0:00 
Morgan Rielly            0  4  4   4  0   1  1  0  0  0  0/0    24:26   1:53   3:35 
Nicholas Ritchie         1  0  1   1  0   4  2  0  0  0  0/2    16:34   0:00   0:00 
Richard Panik            3  0  3   1  0   8  1  0  0  0  0/1    14:48   1:53   0:00 
Robert Bortuzzo          0  0  0   0  0   1  1  1  0  0  0/0    17:18   1:53   2:25 
Ryan Callahan            0  0  0   0  0   0  2  0  0  0  0/3     8:56   0:00   2:57 
Thomas Hickey            0  0  0   0  0   0  1  1  0  0  0/0    13:00   0:00   0:00 

3 Stars

1 - Richard Panik (ANA)
2 - Morgan Rielly (ANA)
3 - John Tavares (ANA)

Power Play

LOS ANGELES SEALS - 0 on 3 Attempt(s) - 0,00%
ANAHEIM OUTLAWS - 1 on 2 Attempt(s) - 50,00%

Penalty Kill

LOS ANGELES SEALS - 1 on 2 Attempt(s) - 50,00% - Score 0 goal in Penalty Kill
ANAHEIM OUTLAWS - 3 on 3 Attempt(s) - 100,00% - Score 0 goal in Penalty Kill

Team Stat

LOS ANGELES SEALS - Hits : 20 - Faceoff Wins : 50 - Blocked Shots : 3 - Penalty Minutes : 4
ANAHEIM OUTLAWS - Hits : 17 - Faceoff Wins : 36 - Blocked Shots : 5 - Penalty Minutes : 6

Official

Referees : Peter MacDougall and Chris Schlenker
Linesman : Jeff Walker and Johnathan Morrison

Game Notes

Richard Panik has scored a Hat Trick!
Roberto Luongo enters game at 15:26 of 2nd period

Finance

Level 1 -- Attendance: 6500 (100,00%) -- Ticket Income 702 000 $
Level 2 -- Attendance: 5500 (100,00%) -- Ticket Income 390 500 $
Level 3 -- Attendance: 2500 (100,00%) -- Ticket Income 107 500 $
Level 4 -- Attendance: 5000 (100,00%) -- Ticket Income 135 000 $
Luxury Box -- Attendance: 1000 (100,00%) -- Ticket Income 215 000 $
Game was played at the Bouch Garden.
Total Attendance: 20500 (100,00%)
Total Ticket Income: 1 550 000 $
Other Income: 465 000 $
Total Income: 2 015 000 $

LOS ANGELES SEALS

5 vs 5 Forward 
   Center                   Left Wing                Right Wing               Time % Phy DF OF 
 1 Logan Couture            Patrick Marleau          Justin Williams          36     1   2  2  
 2 Mark Scheifele           Andreas Johnsson         Brock Boeser             31     1   2  2  
 3 Adam Lowry               Andreas Johnsson         Colin White              23     1   2  2  
 4 Kevin Rooney             Mathieu Perreault        Erik Haula               10     1   2  2  

5 vs 5 Defense 
   Defense                  Defense                                           Time % Phy DF OF 
 1 Esa Lindell              Alex Goligoski                                    36     1   2  2  
 2 Roman Polak              Brandon Carlo                                     31     1   2  2  
 3 Shayne Gostisbehere      Nick Holden                                       23     1   2  2  
 4 Esa Lindell              Alex Goligoski                                    10     1   2  2  

PowerPlay Forward 
   Center                   Left Wing                Right Wing               Time % Phy DF OF 
 1 Logan Couture            Patrick Marleau          Justin Williams          55     1   2  2  
 2 Mark Scheifele           Erik Haula               Brock Boeser             45     1   2  2  

PowerPlay Defense
   Defense                  Defense                                           Time % Phy DF OF 
 1 Esa Lindell              Alex Goligoski                                    55     1   2  2  
 2 Roman Polak              Brandon Carlo                                     45     1   2  2  

Penalty Kill 4 Players Forward 
   Center                   Wing                     Time % Phy DF OF 
 1 Adam Lowry               Mathieu Perreault        55     1   2  2  
 2 Erik Haula               Colin White              45     1   2  2  

Penalty Kill 4 Players Defense
   Defense                  Defense                  Time % Phy DF OF 
 1 Esa Lindell              Alex Goligoski           55     1   2  2  
 2 Roman Polak              Brandon Carlo            45     1   2  2  

Penalty Kill - 3 Players Forward 
   Forward                                           Time % Phy DF OF 
 1 Adam Lowry                                        55     1   2  2  
 2 Erik Haula                                        45     1   2  2  

Penalty Kill - 3 Players Defense
   Defense                  Defense                  Time % Phy DF OF 
 1 Esa Lindell              Alex Goligoski           55     1   2  2  
 2 Roman Polak              Brandon Carlo            45     1   2  2  

4 vs 4 Forward 
   Center                   Wing                     Time % Phy DF OF 
 1 Logan Couture            Mark Scheifele           55     1   2  2  
 2 Justin Williams          Brock Boeser             45     1   2  2  

4 vs 4 Defense
   Defense                  Defense                  Time % Phy DF OF 
 1 Esa Lindell              Alex Goligoski           55     1   2  2  
 2 Roman Polak              Brandon Carlo            45     1   2  2  

Last Minutes Offensive
   Center                   Left Wing                Right Wing               Defense                  Defense                  
   Logan Couture            Patrick Marleau          Justin Williams          Esa Lindell              Alex Goligoski           

Last Minutes Defensive
   Center                   Left Wing                Right Wing               Defense                  Defense                  
   Logan Couture            Patrick Marleau          Justin Williams          Esa Lindell              Alex Goligoski           

Goaltenders
Starting : Jonathan Quick           
Backup : Roberto Luongo           

Extra Forwards
Normal : Erik Haula, Kevin Rooney, Andreas Johnsson - PP : Erik Haula, Kevin Rooney - PK : Andreas Johnsson
Extra Defensemen
Normal : Shayne Gostisbehere, Nick Holden, Roman Polak - PP : Shayne Gostisbehere - PK : Nick Holden, Roman Polak
Penalty Shots
Logan Couture, Mark Scheifele, Justin Williams, Brock Boeser, Patrick Marleau
Custom OT Lines Forwards
Logan Couture, Mark Scheifele, Justin Williams, Brock Boeser, Patrick Marleau, Erik Haula, Andreas Johnsson, Adam Lowry, Colin White, Mathieu Perreault
Custom OT Lines Defensemen
Esa Lindell, Alex Goligoski, Roman Polak, Brandon Carlo, Shayne Gostisbehere

Scratches
Ben Thomson (Healthy), Jake DeBrusk (Sports Hernia Injury), John Stevens (Healthy), Juho Lammikko (Healthy), Nate Prosser (Healthy)
Antti Raanta (Healthy)

ANAHEIM OUTLAWS

5 vs 5 Forward 
   Center                   Left Wing                Right Wing               Time % Phy DF OF 
 1 John Tavares             Jonathan Audy-MarchessaulKevin Fiala              29     1   1  3  
 2 Matt Duchene             Nicholas Ritchie         Jonathan Drouin          29     1   2  2  
 3 Adrian Kempe             Michael Grabner          Richard Panik            25     1   2  2  
 4 Michael Rasmussen        John Tavares             Ryan Callahan            17     1   3  1  

5 vs 5 Defense 
   Defense                  Defense                                           Time % Phy DF OF 
 1 Keith Yandle             Duncan Keith                                      35     1   2  2  
 2 Morgan Rielly            Maxime Lajoie                                     35     1   2  2  
 3 Robert Bortuzzo          Thomas Hickey                                     20     1   4  0  
 4 Morgan Rielly            Keith Yandle                                      10     1   2  2  

PowerPlay Forward 
   Center                   Left Wing                Right Wing               Time % Phy DF OF 
 1 John Tavares             Jonathan Audy-MarchessaulRichard Panik            50     0   1  4  
 2 Matt Duchene             Kevin Fiala              Jonathan Drouin          50     0   1  4  

PowerPlay Defense
   Defense                  Defense                                           Time % Phy DF OF 
 1 Keith Yandle             Duncan Keith                                      50     1   1  3  
 2 Morgan Rielly            Robert Bortuzzo                                   50     1   1  3  

Penalty Kill 4 Players Forward 
   Center                   Wing                     Time % Phy DF OF 
 1 John Tavares             Matt Duchene             50     1   4  0  
 2 Jonathan Drouin          Ryan Callahan            50     1   4  0  

Penalty Kill 4 Players Defense
   Defense                  Defense                  Time % Phy DF OF 
 1 Keith Yandle             Duncan Keith             50     1   4  0  
 2 Morgan Rielly            Robert Bortuzzo          50     1   4  0  

Penalty Kill - 3 Players Forward 
   Forward                                           Time % Phy DF OF 
 1 Richard Panik                                     55     1   2  2  
 2 John Tavares                                      45     1   2  2  

Penalty Kill - 3 Players Defense
   Defense                  Defense                  Time % Phy DF OF 
 1 Robert Bortuzzo          Morgan Rielly            55     1   2  2  
 2 Keith Yandle             Duncan Keith             45     1   2  2  

4 vs 4 Forward 
   Center                   Wing                     Time % Phy DF OF 
 1 John Tavares             Jonathan Audy-Marchessaul50     1   2  2  
 2 Jonathan Drouin          Matt Duchene             50     1   2  2  

4 vs 4 Defense
   Defense                  Defense                  Time % Phy DF OF 
 1 Morgan Rielly            Duncan Keith             50     1   2  2  
 2 Robert Bortuzzo          Keith Yandle             50     1   2  2  

Last Minutes Offensive
   Center                   Left Wing                Right Wing               Defense                  Defense                  
   John Tavares             Jonathan Audy-MarchessaulKevin Fiala              Morgan Rielly            Keith Yandle             

Last Minutes Defensive
   Center                   Left Wing                Right Wing               Defense                  Defense                  
   Jonathan Drouin          John Tavares             Jonathan Audy-MarchessaulDuncan Keith             Morgan Rielly            

Goaltenders
Starting : Matthew Murray           
Backup : Mackenzie Blackwood      

Extra Forwards
Normal : John Tavares, Jonathan Drouin, Matt Duchene - PP : Matt Duchene, John Tavares - PK : Matt Duchene
Extra Defensemen
Normal : Morgan Rielly, Duncan Keith, Keith Yandle - PP : Morgan Rielly - PK : Morgan Rielly, Keith Yandle
Penalty Shots
John Tavares, Ryan Callahan, Jonathan Audy-Marchessault, Matt Duchene, Jonathan Drouin
Custom OT Lines Forwards
John Tavares, Jonathan Audy-Marchessault, Kevin Fiala, Matt Duchene, Jonathan Drouin, Ryan Callahan, Michael Grabner, Nicholas Ritchie, Richard Panik, Adrian Kempe
Custom OT Lines Defensemen
Morgan Rielly, Keith Yandle, Duncan Keith, Maxime Lajoie, Robert Bortuzzo

Scratches
Brett Pollock (Healthy), Cole Bardreau (Healthy), Logan Shaw (Healthy), Mike Condon (Healthy)

% Time on Ice - LOS ANGELES SEALS

Lines # - Real PCT - Wanted PCT - Time Play
Normal Forward
1 - 35% - 36% - 17:46
2 - 23% - 31% - 11:42
3 - 14% - 23% - 6:52
4 - 27% - 10% - 13:46
Normal Defense
1 - 35% - 36% - 17:34
2 - 32% - 31% - 16:08
3 - 28% - 23% - 13:49
4 - 5% - 10% - 2:35
PP Forward
1 - 66% - 55% - 3:54
2 - 34% - 45% - 2:03
PP Defense
1 - 46% - 55% - 2:45
2 - 54% - 45% - 3:12
PK Forward
1 - 63% - 55% - 2:30
2 - 37% - 45% - 1:27
PK Defense
1 - 59% - 55% - 2:20
2 - 41% - 45% - 1:37
PK3 Forward
1 - 0% - 55%
2 - 0% - 45%
PK3 Defense
1 - 0% - 55%
2 - 0% - 45%
44 Forward
1 - 0% - 55%
2 - 0% - 45%
44 Defense
1 - 0% - 55%
2 - 0% - 45%
Last Minute Offensive  - 0:00
Last Minute Defensive  - 0:00
Total
Forward - 60:00
Defense - 60:00

% Time on Ice - ANAHEIM OUTLAWS

Lines # - Real PCT - Wanted PCT - Time Play
Normal Forward
1 - 29% - 29% - 14:38
2 - 33% - 29% - 16:34
3 - 26% - 25% - 12:55
4 - 12% - 17% - 5:59
Normal Defense
1 - 36% - 35% - 18:08
2 - 34% - 35% - 17:14
3 - 26% - 20% - 13:00
4 - 3% - 10% - 1:44
PP Forward
1 - 48% - 50% - 1:53
2 - 52% - 50% - 2:04
PP Defense
1 - 52% - 50% - 2:04
2 - 48% - 50% - 1:53
PK Forward
1 - 50% - 50% - 3:00
2 - 50% - 50% - 2:57
PK Defense
1 - 59% - 50% - 3:32
2 - 41% - 50% - 2:25
PK3 Forward
1 - 0% - 55%
2 - 0% - 45%
PK3 Defense
1 - 0% - 55%
2 - 0% - 45%
44 Forward
1 - 0% - 50%
2 - 0% - 50%
44 Defense
1 - 0% - 50%
2 - 0% - 50%
Last Minute Offensive  - 0:00
Last Minute Defensive  - 0:00
Total
Forward - 60:00
Defense - 60:00

Play-by-Play

1st period


0:01 of 1st period - Logan Couture wins face-off versus John Tavares in neutral zone.
0:53 of 1st period - Icing by Keith Yandle.
0:54 of 1st period - John Tavares wins face-off versus Mark Scheifele in ANAHEIM OUTLAWS zone.
0:54 of 1st period - John Tavares is hit by Andreas Johnsson.
1:18 of 1st period - Shot by Matt Duchene.
1:18 of 1st period - Shot Misses the Net.
1:20 of 1st period - Shot by Nicholas Ritchie.
1:20 of 1st period - Stopped by Jonathan Quick without a rebound.
1:21 of 1st period - Kevin Rooney wins face-off versus Adrian Kempe in LOS ANGELES SEALS zone.
1:21 of 1st period - Kevin Rooney is hit by Richard Panik.
1:33 of 1st period - Erik Haula is hit by Michael Grabner and loses puck.
1:39 of 1st period - Richard Panik is hit by Shayne Gostisbehere.
1:47 of 1st period - Shot by Adrian Kempe.
1:47 of 1st period - Shot Blocked by Nick Holden.
1:56 of 1st period - Richard Panik is hit by Nick Holden.
2:23 of 1st period - Mathieu Perreault is hit by Morgan Rielly and loses puck.
2:53 of 1st period - Icing by Roman Polak.
2:54 of 1st period - Michael Rasmussen wins face-off versus Adam Lowry in LOS ANGELES SEALS zone.
3:04 of 1st period - Adam Lowry is hit by Ryan Callahan and loses puck.
3:08 of 1st period - Minor Penalty to Keith Yandle for Hooking.
3:09 of 1st period - John Tavares wins face-off versus Logan Couture in ANAHEIM OUTLAWS zone.
3:31 of 1st period - Icing by Esa Lindell.
3:32 of 1st period - Logan Couture wins face-off versus Jonathan Drouin in LOS ANGELES SEALS zone.
4:27 of 1st period - Shot by Mark Scheifele.
4:27 of 1st period - Stopped by Matthew Murray with a rebound.
4:29 of 1st period - Shot by Brandon Carlo.
4:29 of 1st period - Shot Misses the Net.
4:43 of 1st period - Shot by Mark Scheifele.
4:43 of 1st period - Shot Misses the Net.
4:45 of 1st period - Shot by Brandon Carlo.
4:45 of 1st period - Stopped by Matthew Murray with a rebound.
5:31 of 1st period - Shot by Colin White.
5:31 of 1st period - Shot Misses the Net.
5:34 of 1st period - Icing by Robert Bortuzzo.
5:35 of 1st period - Adrian Kempe wins face-off versus Logan Couture in ANAHEIM OUTLAWS zone.
6:15 of 1st period - Icing by Robert Bortuzzo.
6:16 of 1st period - Mark Scheifele wins face-off versus Adrian Kempe in ANAHEIM OUTLAWS zone.
6:19 of 1st period - Shot by Brock Boeser.
6:19 of 1st period - Deflect By Mark Scheifele.
6:19 of 1st period - Shot Misses the Net.
6:21 of 1st period - Shot by Brandon Carlo.
6:21 of 1st period - Stopped by Matthew Murray without a rebound.
6:22 of 1st period - Mark Scheifele wins face-off versus John Tavares in ANAHEIM OUTLAWS zone.
6:23 of 1st period - Shot by Andreas Johnsson.
6:23 of 1st period - Stopped by Matthew Murray with a rebound.
7:00 of 1st period - Shot by John Tavares.
7:00 of 1st period - Shot Misses the Net.
7:09 of 1st period - Morgan Rielly is hit by Brandon Carlo and loses puck.
7:21 of 1st period - Off-side.
7:22 of 1st period - Matt Duchene wins face-off versus Logan Couture in neutral zone.
7:55 of 1st period - Shot by Justin Williams.
7:55 of 1st period - Shot Misses the Net.
8:07 of 1st period - Shot by Patrick Marleau.
8:07 of 1st period - Stopped by Matthew Murray with a rebound.
8:09 of 1st period - Shot by Logan Couture.
8:09 of 1st period - Stopped by Matthew Murray without a rebound.
8:10 of 1st period - Michael Rasmussen wins face-off versus Kevin Rooney in ANAHEIM OUTLAWS zone.
8:23 of 1st period - Shot by Michael Rasmussen.
8:23 of 1st period - Stopped by Jonathan Quick without a rebound.
8:24 of 1st period - Adam Lowry wins face-off versus Adrian Kempe in LOS ANGELES SEALS zone.
8:24 of 1st period - Adam Lowry is hit by Adrian Kempe.
8:59 of 1st period - Shot by Adrian Kempe.
8:59 of 1st period - Shot Blocked by Brandon Carlo.
9:17 of 1st period - Andreas Johnsson is hit by Ryan Callahan and loses puck.
9:47 of 1st period - Icing by Alex Goligoski.
9:48 of 1st period - Matt Duchene wins face-off versus Logan Couture in LOS ANGELES SEALS zone.
9:51 of 1st period - Shot by Nicholas Ritchie.
9:51 of 1st period - Stopped by Jonathan Quick without a rebound.
9:52 of 1st period - Logan Couture wins face-off versus Jonathan Drouin in LOS ANGELES SEALS zone.
10:05 of 1st period - Icing by Nicholas Ritchie.
10:06 of 1st period - Matt Duchene wins face-off versus Kevin Rooney in ANAHEIM OUTLAWS zone.
10:06 of 1st period - Matt Duchene is hit by Erik Haula.
10:18 of 1st period - Shot by Jonathan Drouin.
10:18 of 1st period - Shot Misses the Net.
10:27 of 1st period - Nicholas Ritchie is hit by Nick Holden and loses puck.
11:03 of 1st period - Shot by Justin Williams.
11:03 of 1st period - Shot Misses the Net.
12:13 of 1st period - Shot by John Tavares.
12:13 of 1st period - Shot Hit the Post.
12:19 of 1st period - Shot by Jonathan Audy-Marchessault.
12:19 of 1st period - Deflect By John Tavares.
12:19 of 1st period - Stopped by Jonathan Quick without a rebound.
12:20 of 1st period - Kevin Rooney wins face-off versus Adrian Kempe in LOS ANGELES SEALS zone.
12:41 of 1st period - Shot by Erik Haula.
12:41 of 1st period - Deflect By Mathieu Perreault.
12:41 of 1st period - Stopped by Matthew Murray without a rebound.
12:42 of 1st period - Mark Scheifele wins face-off versus Michael Rasmussen in ANAHEIM OUTLAWS zone.
12:43 of 1st period - Shot by Brock Boeser.
12:43 of 1st period - Stopped by Matthew Murray with a rebound.
12:45 of 1st period - Shot by Mark Scheifele.
12:45 of 1st period - Shot Misses the Net.
12:47 of 1st period - Shot by Brandon Carlo.
12:47 of 1st period - Stopped by Matthew Murray without a rebound.
12:48 of 1st period - Mark Scheifele wins face-off versus John Tavares in ANAHEIM OUTLAWS zone.
12:48 of 1st period - Brock Boeser is hit by Duncan Keith and loses puck.
12:59 of 1st period - Shot by Brock Boeser.
12:59 of 1st period - Stopped by Matthew Murray without a rebound.
13:00 of 1st period - Logan Couture wins face-off versus Michael Rasmussen in ANAHEIM OUTLAWS zone.
13:13 of 1st period - John Tavares is hit by Esa Lindell and loses puck.
14:01 of 1st period - Shot by Richard Panik.
14:01 of 1st period - Goal by Richard Panik - LOS ANGELES SEALS : 0 - ANAHEIM OUTLAWS : 1.
14:02 of 1st period - Mark Scheifele wins face-off versus Adrian Kempe in neutral zone.
14:07 of 1st period - Shot by Andreas Johnsson.
14:07 of 1st period - Shot Misses the Net.
14:16 of 1st period - Icing by Brandon Carlo.
14:17 of 1st period - Matt Duchene wins face-off versus Mark Scheifele in LOS ANGELES SEALS zone.
14:22 of 1st period - Shot by Jonathan Drouin.
14:22 of 1st period - Shot Misses the Net.
14:32 of 1st period - Shot by Matt Duchene.
14:32 of 1st period - Shot Misses the Net.
14:34 of 1st period - Shot by Robert Bortuzzo.
14:34 of 1st period - Stopped by Jonathan Quick with a rebound.
14:44 of 1st period - Shot by Jonathan Drouin.
14:44 of 1st period - Stopped by Jonathan Quick with a rebound.
15:12 of 1st period - Erik Haula is hit by Nicholas Ritchie and loses puck.
15:23 of 1st period - Shot by Kevin Rooney.
15:23 of 1st period - Shot Misses the Net.
15:55 of 1st period - Shot by Justin Williams.
15:55 of 1st period - Stopped by Matthew Murray without a rebound.
15:56 of 1st period - Logan Couture wins face-off versus John Tavares in ANAHEIM OUTLAWS zone.
15:58 of 1st period - Justin Williams is hit by Duncan Keith and loses puck.
16:28 of 1st period - Justin Williams is hit by Duncan Keith and loses puck.
16:33 of 1st period - Shot by Logan Couture.
16:33 of 1st period - Shot Misses the Net.
16:35 of 1st period - Shot by Esa Lindell.
16:35 of 1st period - Shot Misses the Net.
17:09 of 1st period - Shot by Andreas Johnsson.
17:09 of 1st period - Stopped by Matthew Murray without a rebound.
17:10 of 1st period - Kevin Rooney wins face-off versus Richard Panik in ANAHEIM OUTLAWS zone.
17:26 of 1st period - Richard Panik is hit by Nick Holden and loses puck.
17:35 of 1st period - Shot by Michael Grabner.
17:35 of 1st period - Stopped by Jonathan Quick with a rebound.
17:37 of 1st period - Shot by Richard Panik.
17:37 of 1st period - Goal by Richard Panik - LOS ANGELES SEALS : 0 - ANAHEIM OUTLAWS : 2.
17:38 of 1st period - Mark Scheifele wins face-off versus Ryan Callahan in neutral zone.
18:10 of 1st period - Shot by Mark Scheifele.
18:10 of 1st period - Stopped by Matthew Murray without a rebound.
18:11 of 1st period - Logan Couture wins face-off versus Adrian Kempe in ANAHEIM OUTLAWS zone.
18:22 of 1st period - Shot by Logan Couture.
18:22 of 1st period - Stopped by Matthew Murray without a rebound.
18:23 of 1st period - Matt Duchene wins face-off versus Kevin Rooney in ANAHEIM OUTLAWS zone.
18:41 of 1st period - Morgan Rielly is hit by Mathieu Perreault and loses puck.
19:05 of 1st period - Alex Goligoski is hit by Nicholas Ritchie and loses puck.
Goals for this period are 0 for LOS ANGELES SEALS vs 2 for ANAHEIM OUTLAWS.
Shots for this period are 14 for LOS ANGELES SEALS vs 9 for ANAHEIM OUTLAWS.

2nd period


0:01 of 2nd period - John Tavares wins face-off versus Adam Lowry in neutral zone.
1:04 of 2nd period - Icing by Esa Lindell.
1:05 of 2nd period - Adam Lowry wins face-off versus Adrian Kempe in LOS ANGELES SEALS zone.
2:11 of 2nd period - Icing by Robert Bortuzzo.
2:12 of 2nd period - Kevin Rooney wins face-off versus Adrian Kempe in ANAHEIM OUTLAWS zone.
2:25 of 2nd period - Shot by Mathieu Perreault.
2:25 of 2nd period - Shot Misses the Net.
2:27 of 2nd period - Shot by Shayne Gostisbehere.
2:27 of 2nd period - Shot Misses the Net.
2:29 of 2nd period - Shot by Mathieu Perreault.
2:29 of 2nd period - Stopped by Matthew Murray without a rebound.
2:30 of 2nd period - Michael Rasmussen wins face-off versus Andreas Johnsson in ANAHEIM OUTLAWS zone.
2:36 of 2nd period - Icing by Keith Yandle.
2:37 of 2nd period - Kevin Rooney wins face-off versus Ryan Callahan in ANAHEIM OUTLAWS zone.
3:52 of 2nd period - Shot by Logan Couture.
3:52 of 2nd period - Shot Misses the Net.
4:05 of 2nd period - Shot by Logan Couture.
4:05 of 2nd period - Shot Misses the Net.
4:09 of 2nd period - Shot by Justin Williams.
4:09 of 2nd period - Shot Blocked by Maxime Lajoie.
5:32 of 2nd period - Shot by Mathieu Perreault.
5:32 of 2nd period - Shot Misses the Net.
5:34 of 2nd period - Shot by Alex Goligoski.
5:34 of 2nd period - Stopped by Matthew Murray without a rebound.
5:35 of 2nd period - John Tavares wins face-off versus Logan Couture in ANAHEIM OUTLAWS zone.
5:47 of 2nd period - John Tavares is hit by Roman Polak.
5:50 of 2nd period - Jonathan Audy-Marchessault is hit by Roman Polak and loses puck.
6:10 of 2nd period - Minor Penalty to Patrick Marleau for Hooking.
6:11 of 2nd period - Adam Lowry wins face-off versus John Tavares in LOS ANGELES SEALS zone.
6:20 of 2nd period - Shot by Morgan Rielly.
6:20 of 2nd period - Stopped by Jonathan Quick without a rebound.
6:21 of 2nd period - Matt Duchene wins face-off versus Adam Lowry in LOS ANGELES SEALS zone.
6:50 of 2nd period - Shot by Jonathan Drouin.
6:50 of 2nd period - Shot Blocked by Esa Lindell.
7:22 of 2nd period - Icing by John Tavares.
7:23 of 2nd period - Adam Lowry wins face-off versus John Tavares in ANAHEIM OUTLAWS zone.
8:08 of 2nd period - Shot by John Tavares.
8:08 of 2nd period - Deflect By Richard Panik.
8:08 of 2nd period - Goal by Richard Panik - LOS ANGELES SEALS : 0 - ANAHEIM OUTLAWS : 3.
8:09 of 2nd period - Mark Scheifele wins face-off versus Matt Duchene in neutral zone.
8:16 of 2nd period - Off-side.
8:17 of 2nd period - Mark Scheifele wins face-off versus Matt Duchene in neutral zone.
8:22 of 2nd period - Shot by Mark Scheifele.
8:22 of 2nd period - Stopped by Matthew Murray without a rebound.
8:23 of 2nd period - Michael Rasmussen wins face-off versus Andreas Johnsson in ANAHEIM OUTLAWS zone.
8:37 of 2nd period - Off-side.
8:38 of 2nd period - Logan Couture wins face-off versus Adrian Kempe in neutral zone.
8:51 of 2nd period - Shot by Richard Panik.
8:51 of 2nd period - Stopped by Jonathan Quick without a rebound.
8:52 of 2nd period - John Tavares wins face-off versus Mark Scheifele in LOS ANGELES SEALS zone.
9:04 of 2nd period - Minor Penalty to Duncan Keith for Hooking.
9:05 of 2nd period - Logan Couture wins face-off versus John Tavares in ANAHEIM OUTLAWS zone.
9:06 of 2nd period - Shot by Justin Williams.
9:06 of 2nd period - Shot Misses the Net.
9:40 of 2nd period - Shot by Justin Williams.
9:40 of 2nd period - Stopped by Matthew Murray without a rebound.
9:41 of 2nd period - John Tavares wins face-off versus Mark Scheifele in ANAHEIM OUTLAWS zone.
9:41 of 2nd period - John Tavares is hit by Erik Haula.
10:02 of 2nd period - Shot by Mark Scheifele.
10:02 of 2nd period - Stopped by Matthew Murray without a rebound.
10:03 of 2nd period - Logan Couture wins face-off versus Jonathan Drouin in ANAHEIM OUTLAWS zone.
10:16 of 2nd period - Shot by Justin Williams.
10:16 of 2nd period - Shot Misses the Net.
11:09 of 2nd period - Shot by Andreas Johnsson.
11:09 of 2nd period - Shot Misses the Net.
11:11 of 2nd period - Shot by Alex Goligoski.
11:11 of 2nd period - Goal by Alex Goligoski - LOS ANGELES SEALS : 1 - ANAHEIM OUTLAWS : 3.
11:12 of 2nd period - Mark Scheifele wins face-off versus Adrian Kempe in neutral zone.
11:31 of 2nd period - Shot by Richard Panik.
11:31 of 2nd period - Stopped by Jonathan Quick without a rebound.
11:32 of 2nd period - John Tavares wins face-off versus Kevin Rooney in LOS ANGELES SEALS zone.
11:36 of 2nd period - Icing by Nick Holden.
11:37 of 2nd period - John Tavares wins face-off versus Kevin Rooney in LOS ANGELES SEALS zone.
11:54 of 2nd period - Shot by Jonathan Audy-Marchessault.
11:54 of 2nd period - Stopped by Jonathan Quick without a rebound.
11:55 of 2nd period - Matt Duchene wins face-off versus Mark Scheifele in LOS ANGELES SEALS zone.
12:12 of 2nd period - Shot by Brock Boeser.
12:12 of 2nd period - Shot Hit the Post.
13:13 of 2nd period - Shot by Jonathan Audy-Marchessault.
13:13 of 2nd period - Shot Misses the Net.
13:45 of 2nd period - Shot by Richard Panik.
13:45 of 2nd period - Stopped by Jonathan Quick with a rebound.
14:55 of 2nd period - Shot by Matt Duchene.
14:55 of 2nd period - Stopped by Jonathan Quick without a rebound.
14:56 of 2nd period - Kevin Rooney wins face-off versus Michael Rasmussen in LOS ANGELES SEALS zone.
15:06 of 2nd period - Off-side.
15:07 of 2nd period - John Tavares wins face-off versus Adam Lowry in neutral zone.
15:26 of 2nd period - Shot by Jonathan Audy-Marchessault.
15:26 of 2nd period - Goal by Jonathan Audy-Marchessault - LOS ANGELES SEALS : 1 - ANAHEIM OUTLAWS : 4.
15:26 of 2nd period - Roberto Luongo enters game.
15:27 of 2nd period - Adrian Kempe wins face-off versus Kevin Rooney in neutral zone.
15:55 of 2nd period - Icing by Keith Yandle.
15:56 of 2nd period - Adam Lowry wins face-off versus Adrian Kempe in ANAHEIM OUTLAWS zone.
16:09 of 2nd period - Icing by Shayne Gostisbehere.
16:10 of 2nd period - Adam Lowry wins face-off versus John Tavares in LOS ANGELES SEALS zone.
16:54 of 2nd period - Shot by John Tavares.
16:54 of 2nd period - Goal by John Tavares - LOS ANGELES SEALS : 1 - ANAHEIM OUTLAWS : 5.
16:55 of 2nd period - Logan Couture wins face-off versus Nicholas Ritchie in neutral zone.
17:29 of 2nd period - Shot by Jonathan Drouin.
17:29 of 2nd period - Deflect By Matt Duchene.
17:29 of 2nd period - Stopped by Roberto Luongo without a rebound.
17:30 of 2nd period - Kevin Rooney wins face-off versus Adrian Kempe in LOS ANGELES SEALS zone.
17:45 of 2nd period - Shot by Kevin Rooney.
17:45 of 2nd period - Stopped by Matthew Murray without a rebound.
17:45 of 2nd period - Minor Penalty to Matthew Murray for Slashing.
17:46 of 2nd period - Mark Scheifele wins face-off versus John Tavares in ANAHEIM OUTLAWS zone.
17:47 of 2nd period - Shot by Brock Boeser.
17:47 of 2nd period - Deflect By Mark Scheifele.
17:47 of 2nd period - Shot Blocked by Robert Bortuzzo.
17:49 of 2nd period - Shot by Erik Haula.
17:49 of 2nd period - Stopped by Matthew Murray with a rebound.
17:51 of 2nd period - Shot by Erik Haula.
17:51 of 2nd period - Stopped by Matthew Murray without a rebound.
17:52 of 2nd period - John Tavares wins face-off versus Logan Couture in ANAHEIM OUTLAWS zone.
18:03 of 2nd period - Shot by Esa Lindell.
18:03 of 2nd period - Deflect By Logan Couture.
18:03 of 2nd period - Stopped by Matthew Murray without a rebound.
18:04 of 2nd period - John Tavares wins face-off versus Mark Scheifele in ANAHEIM OUTLAWS zone.
18:08 of 2nd period - Matt Duchene is hit by Mark Scheifele.
18:14 of 2nd period - Roman Polak is hit by John Tavares and loses puck.
18:31 of 2nd period - Shot by Mark Scheifele.
18:31 of 2nd period - Stopped by Matthew Murray with a rebound.
18:33 of 2nd period - Shot by Erik Haula.
18:33 of 2nd period - Stopped by Matthew Murray without a rebound.
18:34 of 2nd period - Logan Couture wins face-off versus John Tavares in ANAHEIM OUTLAWS zone.
18:35 of 2nd period - Shot by Alex Goligoski.
18:35 of 2nd period - Stopped by Matthew Murray without a rebound.
18:36 of 2nd period - John Tavares wins face-off versus Logan Couture in ANAHEIM OUTLAWS zone.
18:36 of 2nd period - John Tavares is hit by Logan Couture.
19:00 of 2nd period - Shot by Logan Couture.
19:00 of 2nd period - Shot Blocked by Duncan Keith.
19:10 of 2nd period - Morgan Rielly is hit by Justin Williams and loses puck.
19:42 of 2nd period - Shot by Mark Scheifele.
19:42 of 2nd period - Stopped by Matthew Murray without a rebound.
19:43 of 2nd period - Mark Scheifele wins face-off versus Ryan Callahan in ANAHEIM OUTLAWS zone.
19:44 of 2nd period - Shot by Brock Boeser.
19:44 of 2nd period - Shot Misses the Net.
19:49 of 2nd period - Minor Penalty to Colin White for Hooking.
19:50 of 2nd period - Matt Duchene wins face-off versus Adam Lowry in LOS ANGELES SEALS zone.
19:57 of 2nd period - Shot by Matt Duchene.
19:57 of 2nd period - Stopped by Roberto Luongo with a rebound.
Goals for this period are 1 for LOS ANGELES SEALS vs 3 for ANAHEIM OUTLAWS.
Shots for this period are 14 for LOS ANGELES SEALS vs 11 for ANAHEIM OUTLAWS.

3rd period


0:01 of 3rd period - Adam Lowry wins face-off versus John Tavares in neutral zone.
0:15 of 3rd period - Jonathan Audy-Marchessault is hit by Esa Lindell and loses puck.
0:18 of 3rd period - Shot by Robert Bortuzzo.
0:18 of 3rd period - Shot Misses the Net.
1:57 of 3rd period - Morgan Rielly is hit by Patrick Marleau.
2:54 of 3rd period - Icing by Thomas Hickey.
2:55 of 3rd period - Adrian Kempe wins face-off versus Kevin Rooney in ANAHEIM OUTLAWS zone.
4:10 of 3rd period - Icing by Roman Polak.
4:11 of 3rd period - John Tavares wins face-off versus Mark Scheifele in LOS ANGELES SEALS zone.
4:25 of 3rd period - Icing by Roman Polak.
4:26 of 3rd period - Mark Scheifele wins face-off versus Nicholas Ritchie in LOS ANGELES SEALS zone.
4:34 of 3rd period - Shot by Brock Boeser.
4:34 of 3rd period - Shot Misses the Net.
4:47 of 3rd period - Icing by Duncan Keith.
4:48 of 3rd period - Matt Duchene wins face-off versus Logan Couture in ANAHEIM OUTLAWS zone.
5:02 of 3rd period - Shot by Logan Couture.
5:02 of 3rd period - Stopped by Matthew Murray without a rebound.
5:03 of 3rd period - John Tavares wins face-off versus Kevin Rooney in ANAHEIM OUTLAWS zone.
6:00 of 3rd period - Logan Couture is hit by Kevin Fiala and loses puck.
6:11 of 3rd period - Shot by Justin Williams.
6:11 of 3rd period - Shot Misses the Net.
6:48 of 3rd period - Icing by Duncan Keith.
6:49 of 3rd period - Mark Scheifele wins face-off versus Matt Duchene in ANAHEIM OUTLAWS zone.
7:05 of 3rd period - Shot by Brock Boeser.
7:05 of 3rd period - Stopped by Matthew Murray without a rebound.
7:06 of 3rd period - Adam Lowry wins face-off versus Adrian Kempe in ANAHEIM OUTLAWS zone.
7:15 of 3rd period - Shot by Michael Grabner.
7:15 of 3rd period - Stopped by Roberto Luongo with a rebound.
7:17 of 3rd period - Shot by Michael Grabner.
7:17 of 3rd period - Shot Misses the Net.
7:19 of 3rd period - Shot by Richard Panik.
7:19 of 3rd period - Shot Misses the Net.
7:25 of 3rd period - Shot by Richard Panik.
7:25 of 3rd period - Stopped by Roberto Luongo without a rebound.
7:26 of 3rd period - Logan Couture wins face-off versus John Tavares in LOS ANGELES SEALS zone.
7:35 of 3rd period - Shot by Logan Couture.
7:35 of 3rd period - Stopped by Matthew Murray without a rebound.
7:36 of 3rd period - Logan Couture wins face-off versus Michael Rasmussen in ANAHEIM OUTLAWS zone.
7:56 of 3rd period - Esa Lindell is hit by Michael Rasmussen and loses puck.
8:10 of 3rd period - Icing by Alex Goligoski.
8:11 of 3rd period - Logan Couture wins face-off versus Matt Duchene in LOS ANGELES SEALS zone.
8:27 of 3rd period - Matt Duchene is hit by Alex Goligoski and loses puck.
9:20 of 3rd period - Shot by Mark Scheifele.
9:20 of 3rd period - Stopped by Matthew Murray with a rebound.
9:22 of 3rd period - Shot by Brandon Carlo.
9:22 of 3rd period - Shot Misses the Net.
9:30 of 3rd period - Shot by Andreas Johnsson.
9:30 of 3rd period - Deflect By Brock Boeser.
9:30 of 3rd period - Stopped by Matthew Murray without a rebound.
9:31 of 3rd period - Kevin Rooney wins face-off versus Jonathan Audy-Marchessault in ANAHEIM OUTLAWS zone.
9:34 of 3rd period - Shot by Kevin Rooney.
9:34 of 3rd period - Stopped by Matthew Murray without a rebound.
9:35 of 3rd period - John Tavares wins face-off versus Erik Haula in ANAHEIM OUTLAWS zone.
9:39 of 3rd period - Off-side.
9:40 of 3rd period - John Tavares wins face-off versus Kevin Rooney in neutral zone.
9:51 of 3rd period - Shot by Jonathan Audy-Marchessault.
9:51 of 3rd period - Stopped by Roberto Luongo with a rebound.
10:50 of 3rd period - Shot by Brock Boeser.
10:50 of 3rd period - Shot Blocked by Thomas Hickey.
11:41 of 3rd period - Justin Williams is hit by Thomas Hickey and loses puck.
12:01 of 3rd period - Logan Couture is hit by Robert Bortuzzo and loses puck.
12:04 of 3rd period - Shot by Justin Williams.
12:04 of 3rd period - Stopped by Matthew Murray without a rebound.
12:05 of 3rd period - John Tavares wins face-off versus Adam Lowry in ANAHEIM OUTLAWS zone.
12:05 of 3rd period - John Tavares is hit by Adam Lowry.
13:05 of 3rd period - Adam Lowry is hit by Jonathan Drouin and loses puck.
13:14 of 3rd period - Shot by Matt Duchene.
13:14 of 3rd period - Shot Misses the Net.
13:16 of 3rd period - Shot by Nicholas Ritchie.
13:16 of 3rd period - Stopped by Roberto Luongo with a rebound.
13:28 of 3rd period - Shot by Matt Duchene.
13:28 of 3rd period - Stopped by Roberto Luongo without a rebound.
13:29 of 3rd period - Logan Couture wins face-off versus Michael Rasmussen in LOS ANGELES SEALS zone.
13:36 of 3rd period - Shot by Justin Williams.
13:36 of 3rd period - Deflect By Logan Couture.
13:36 of 3rd period - Shot Misses the Net.
13:50 of 3rd period - Shot by John Tavares.
13:50 of 3rd period - Stopped by Roberto Luongo without a rebound.
13:51 of 3rd period - Matt Duchene wins face-off versus Kevin Rooney in LOS ANGELES SEALS zone.
14:24 of 3rd period - Shot by Nicholas Ritchie.
14:24 of 3rd period - Shot Misses the Net.
14:26 of 3rd period - Shot by Nicholas Ritchie.
14:26 of 3rd period - Goal by Nicholas Ritchie - LOS ANGELES SEALS : 1 - ANAHEIM OUTLAWS : 6.
14:27 of 3rd period - Logan Couture wins face-off versus Adrian Kempe in neutral zone.
14:29 of 3rd period - Off-side.
14:30 of 3rd period - Logan Couture wins face-off versus John Tavares in neutral zone.
14:39 of 3rd period - Shot by Logan Couture.
14:39 of 3rd period - Shot Misses the Net.
14:41 of 3rd period - Shot by Logan Couture.
14:41 of 3rd period - Shot Misses the Net.
15:51 of 3rd period - Matt Duchene is hit by Erik Haula.
15:52 of 3rd period - Icing by Matt Duchene.
15:53 of 3rd period - Mark Scheifele wins face-off versus Matt Duchene in ANAHEIM OUTLAWS zone.
16:20 of 3rd period - Shot by Brock Boeser.
16:20 of 3rd period - Shot Blocked by Maxime Lajoie.
16:22 of 3rd period - Shot by Brock Boeser.
16:22 of 3rd period - Stopped by Matthew Murray without a rebound.
16:23 of 3rd period - Kevin Rooney wins face-off versus Adrian Kempe in ANAHEIM OUTLAWS zone.
16:57 of 3rd period - Shot by Adrian Kempe.
16:57 of 3rd period - Deflect By Richard Panik.
16:57 of 3rd period - Stopped by Roberto Luongo without a rebound.
16:58 of 3rd period - Matt Duchene wins face-off versus Logan Couture in LOS ANGELES SEALS zone.
17:03 of 3rd period - Shot by Jonathan Drouin.
17:03 of 3rd period - Stopped by Roberto Luongo without a rebound.
17:04 of 3rd period - Mark Scheifele wins face-off versus Michael Rasmussen in LOS ANGELES SEALS zone.
17:12 of 3rd period - Off-side.
17:13 of 3rd period - John Tavares wins face-off versus Mark Scheifele in neutral zone.
17:20 of 3rd period - Shot by Jonathan Audy-Marchessault.
17:20 of 3rd period - Shot Misses the Net.
17:40 of 3rd period - Shot by Mark Scheifele.
17:40 of 3rd period - Shot Misses the Net.
17:51 of 3rd period - Shot by Mark Scheifele.
17:51 of 3rd period - Shot Misses the Net.
18:40 of 3rd period - Icing by Brandon Carlo.
18:41 of 3rd period - Logan Couture wins face-off versus Matt Duchene in LOS ANGELES SEALS zone.
Goals for this period are 0 for LOS ANGELES SEALS vs 1 for ANAHEIM OUTLAWS.
Shots for this period are 8 for LOS ANGELES SEALS vs 9 for ANAHEIM OUTLAWS.


RYAN
NUGENT-HOPKINS
THATCHER
DEMKO
MITCHELL
MARNER

EAST COAST

HOCKEY LEAGUE

  • 13.MAN3PIT5
  • 14.NHW2ATL3
  • 15.PET5WOR4
  • 16.RHI30
  • 17.QUECHI
  • 18.CHALIM
  • 19.TRVLON
  • 20.CHWBAL